 Dungeon Crawl Stone Soup version 0.23.2-1-ga50397a (webtiles) character file.

Game seed: 1504266597371167573

107 MajorAdolf the Magician (level 4, 0/39 HPs)
             Began as a Naga Wanderer on Apr 21, 2019.
             Hit by a goblin thrown by Robin (2 damage)
             ... on level 2 of the Dungeon.
             The game lasted 00:07:23 (2044 turns).

MajorAdolf the Magician (Naga Wanderer)             Turns: 2044, Time: 00:07:23

Health: 0/39       AC:  1    Str: 14    XL:     4   Next: 86%
Magic:  10/10      EV:  9    Int: 12    God:
Gold:   96         SH:  0    Dex: 12    Spells: 10/11 levels left

rFire    . . .     SeeInvis +   e - +2 dagger (venom)
rCold    . . .     Gourm    .   (no shield)
rNeg     . . .     Faith    .   (no armour)
rPois    +         Spirit   .   (no helmet)
rElec    .         Reflect  .   (no cloak)
rCorr    .         Harm     .   (no gloves)
MR       .....                  (no barding)
Stlth    +.........             (no amulet)
HPRegen  0.13/turn              (no ring)
MPRegen  0.12/turn              (no ring)

@: very slow
A: large, see invisible, deformed body, poison resistance, slowness 2, slow
metabolism 1, spit poison 1, AC +1
a: Spit Poison


You were on level 2 of the Dungeon.
You were not hungry.

You visited 1 branch of the dungeon, and saw 2 of its levels.

You collected 96 gold pieces.

Inventory:

Hand Weapons
 e - a +2 dagger of venom (weapon)
Armour
 d - a +0 ring mail
Jewellery
 c - a cursed +3 ring of protection {unknown}
 i - an uncursed ring of resist corrosion {unknown}
 k - an uncursed ring of see invisible {unknown}
Scrolls
 b - a scroll of teleportation
 g - 2 scrolls of remove curse {unknown}
 h - a scroll of identify {unknown}
 l - a scroll of magic mapping {unknown}
 m - a scroll of amnesia {unknown}
Potions
 a - a potion of curing {unknown}
 j - a potion of degeneration {unknown}
 o - a potion of magic {unknown}
Comestibles
 f - 3 rations
 n - 2 chunks of flesh


   Skills:
 - Level 2.0 Fighting
 - Level 1.0 Armour
   Level 1.5 Shields
 - Level 4.4 Spellcasting
 + Level 4.0 Ice Magic


You had 10 spell levels left.
You knew the following spells:

 Your Spells              Type           Power        Failure   Level  Hunger
a - Freeze                Ice            ##..         4%          1    None

Your spell library contained the following spells:

 Spells                   Type           Power        Failure   Level  Hunger
 Magic Dart               Conj           #...         22%         1    None
 Ozocubu's Armour         Chrm/Ice       #.......     28%         3    ###....
 Blink                    Tloc           N/A          32%         2    ##.....
 Call Imp                 Summ           #.......     32%         2    ##.....
 Slow                     Hex            #.......     32%         2    ##.....
 Conjure Flame            Conj/Fire      #.......     54%         3    ###....
 Mephitic Cloud           Conj/Pois/Air  #.......     54%         3    ###....


Dungeon Overview and Level Annotations

Branches:
Dungeon (2/15)

Altars:
Nemelex Xobeh

Annotations:
D:2 Robin


Innate Abilities, Weirdness & Mutations

You cannot wear boots.
Your serpentine skin is tough. (AC +1)
You have supernaturally acute eyesight. (SInv)
Armour fits poorly on your strangely shaped body.
Your system is resistant to poisons. (rPois)
You cover ground very slowly.
You have a slow metabolism.
You can spit poison.


Message History

* * * LOW HITPOINT WARNING * * *
Robin roars a battlecry!
The goblins go into a battle-frenzy!
You hear a shout!
You closely miss the goblin. The goblin closely misses you.
You barely miss the goblin. The goblin barely misses you.
You hit the goblin.
You kill the goblin!
The goblin shoots a stone.
The stone hits you.
* * * LOW HITPOINT WARNING * * *
The goblin shoots a stone.
The stone barely misses you.
An adder comes into view.
Okay, then.
Robin throws the goblin at you!
* * * LOW HITPOINT WARNING * * *
The goblin unwields a +0 hunting sling.
The goblin hits you.
* * * LOW HITPOINT WARNING * * *
The goblin completely misses you. Robin throws the goblin at you!
You die...

### ..# #.######
#.#..@g# #.#.##g#
####.#..#g# #
#.......#(# #### #
#.##.####g###g..##$# #
#.##......S(gg.....# #
.# #..........##g#g####
####.#######.......##.#
'.............(......g.


You could see Robin, an adder and 3 goblins.

Vanquished Creatures
  A crimson imp (D:2)
  An adder (D:2)
  A worm (D:2)
  3 dart slugs
  A leopard gecko (D:1)
  A giant cockroach (D:1)
  8 goblins
  9 hobgoblins
  4 jackals
  10 bats
  4 frilled lizards
  4 kobolds
  4 rats
51 creatures vanquished.

Notes
Turn   | Place    | Note
-------+----------+-------------------------------------------
     0 | D:1      | MajorAdolf the Naga Wanderer began the quest for the Orb.
     0 | D:1      | MajorAdolf set off with the following items: a +0 club, a
                  | scroll of teleportation, a +0 robe, a ration; and the
                  | following spells available to memorise: Freeze, Magic Dart,
                  | Blink, Call Imp, Slow, Ozocubu's Armour, Conjure Flame,
                  | Mephitic Cloud
     0 | D:1      | Reached XP level 1. HP: 19/19 MP: 5/5
     2 | D:1      | Learned a level 1 spell: Freeze
   230 | D:1      | Reached XP level 2. HP: 13/26 MP: 4/7
   498 | D:1      | HP: 1/26 [hobgoblin (3)]
   939 | D:1      | Reached XP level 3. HP: 28/32 MP: 8/8
  1526 | D:2      | Reached XP level 4. HP: 36/39 MP: 5/10
  1917 | D:2      | Found a sparkling altar of Nemelex Xobeh.
  2029 | D:2      | Noticed Robin
  2044 | D:2      | Hit by a goblin thrown by Robin

Skill      XL: |  1  2  3  4 |
---------------+-------------+-----
Ice Magic      | 2 3 4 |  4.0
Fighting       | |  2.0
Armour         | |  1.0
Shields        | |  1.5
Spellcasting   | |  4.4

Action                   |  1- 3 |  4- 6 || total
-------------------------+-------+-------++-------
Melee: Dagger            |    38 |    50 ||    88
 Cast: Freeze            |    21 |     6 ||    27
 Abil: Spit Poison       |     9 |     5 ||    14
 Stab: Sleeping          |     1 |       ||     1
  Eat: Chunk             |     1 |     2 ||     3
Armor: Skin              |     3 |    15 ||    18
Dodge: Dodged            |    24 |    30 ||    54
